 Dungeon Crawl Stone Soup version 0.17.1-3-g152610e (webtiles) character file.

51 Peloso the Covered (level 3, -1/33 HPs)
             Began as a Minotaur Fighter on Apr 14, 2016.
             Killed from afar by an orc wizard (5 damage)
             ... with a magic dart
             ... on level 2 of the Dungeon.
             The game lasted 00:04:29 (1246 turns).

Peloso the Covered (Minotaur Fighter)               Turns: 1246, Time: 00:04:29

Health: -1/33      AC:  8    Str: 25    XL:     3   Next: 58%
Magic:  2/2        EV:  5    Int:  5    God:
Gold:   112        SH:  0    Dex: 10    Spells: 0 memorised, 2 levels left

rFire  . . .     SeeInvis .     a - +0 long sword
rCold  . . .     Clarity  .     j - +0 chain mail
rNeg   . . .     SustAt   .     c - +0 shield
rPois  .         Gourm    .     (helmet restricted)
rElec  .         Spirit   .     (no cloak)
rCorr  .         Warding  .     (no gloves)
rMut   .         Stasis   .     (no boots)
MR     .....                    (no amulet)
Stlth  ..........               (no ring)
                                (no ring)

@: confused, mighty, heavily drained, not resistant to hostile enchantments,
extremely unstealthy
A: retaliatory headbutt, horns 2
a: no special abilities


You were on level 2 of the Dungeon.
You were not hungry.

You visited 1 branch of the dungeon, and saw 3 of its levels.

You collected 112 gold pieces.

Inventory:

Hand Weapons
 a - a +0 long sword (weapon)
Armour
 b - a +0 scale mail
 c - a +0 shield (worn)
 j - a +0 chain mail (worn)
Jewellery
 i - an uncursed ring of sustain attributes {unknown}
 n - an uncursed ring of wizardry {unknown}
Scrolls
 f - a scroll of remove curse {unknown}
 k - 2 scrolls of fear {unknown}
 m - a scroll of teleportation {unknown}
 p - a scroll of noise {unknown}
 r - a scroll of enchant armour {unknown}
 s - a scroll of identify {unknown}
Potions
 l - 2 potions of curing {unknown}
 o - a potion of degeneration {unknown}
 q - a potion of flight {unknown}
 t - a potion of heal wounds {unknown}
Comestibles
 e - 2 bread rations
 h - 2 slices of pizza


   Skills:
 + Level 4.1(2.2) Fighting
 + Level 2.8(0.9) Long Blades
 + Level 4.4(2.5) Armour
 + Level 0.4(0.0) Dodging
 + Level 4.2(2.3) Shields


You had 2 spell levels left.
You didn't know any spells.

Dungeon Overview and Level Annotations

Branches:
Dungeon (3/15)

Altars:
Yredelemnul
The Shining One


Innate Abilities, Weirdness & Mutations

You reflexively headbutt those who attack you in melee.
You have a pair of horns on your head.


Message History

Something hits you but does no damage.
You feel drained.
You miss something. Your headbutt misses something.
Something hits you but does no damage.
You feel drained.
You hit something.
You hear some strange, mumbled words.
A puff of flame appears from out of thin air!
The puff of flame hits you!
* * * LOW HITPOINT WARNING * * *
All of the chunks of flesh in your inventory have rotted away.
You barely miss something.
You hear some strange, mumbled words.
You are confused.
Something hits you but does no damage.
You feel drained.
You bump into the rock wall.
Something hits you but does no damage.
You feel drained.
You miss something.
You hear some strange, mumbled words.
A magic dart appears from out of thin air!
The magic dart hits you!
You die...

## ###...# #.# #.....# #.#
#.##..# #.# #.##..# #[#
#####.##..# #.#
##########.........# ########.#
..<...†.......>....# #........#
###.#####..###.#######.########
....# #..# #o{@......#
##..#####..# ###########
##.........# ###.#####.## ....#
#.# ##### #.# #########.#
..........# ###########


You could see an orc.

Vanquished Creatures
  An adder (D:2)
  2 oozes
  2 ball pythons
  7 bats
  3 giant cockroaches
  2 goblins (D:1)
  5 hobgoblins
  3 kobolds (D:1)
  A giant gecko (D:1)
  A giant newt (D:2)
  9 rats
36 creatures vanquished.

Notes
Turn   | Place    | Note
--------------------------------------------------------------
     0 | D:1      | Peloso the Minotaur Fighter began the quest for the Orb.
     0 | D:1      | Reached XP level 1. HP: 19/19 MP: 0/0
   117 | D:1      | Reached skill level 4 in Fighting
   124 | D:1      | Reached XP level 2. HP: 18/27 MP: 1/1
   623 | D:2      | Reached XP level 3. HP: 30/33 MP: 2/2
  1024 | D:2      | Found a basalt altar of Yredelemnul.
  1072 | D:2      | Found a glowing golden altar of the Shining One.
  1074 | D:2      | Noticed an angel
  1246 | D:2      | Killed from afar by an orc wizard

Action                   || total
-------------------------++-------
Melee: Long sword        ||    87
  Use: Potion            ||     1
  Eat: Chunk             ||     1
